AoeStats
← 文風

MegaRandom

506503846Analyzed
2v2 RM · 18d ago on Sep 13, 2026· 44m 1s· 4 players
Game mode
Random Map
Map size
Medium (4 player)
Population
200
Speed
Normal
Resources
Standard
Victory
Conquest
Starting age
Dark Age
Ending age
Imperial Age
RankedLock teamsTeams togetherTeam positionsShared explorationLock speedFull tech treeHidden civsTurbo modeCheats
Victory
Defeat
🇭🇰 Wei · Hong Kong SAR China
1397
+12
🇺🇸 Tatars · United States
1356
+15
🇦🇷 Georgians · Argentina
1326
-14
🇦🇷 Mongols · Argentina
1301
-13
Seneca
1:14 Loom
10:00 Feudal Age
10:38 Double-Bit Axe
14:32 Castle Age
14:44 Castle Age
13:11 Fletching
15:30 Bodkin Arrow
17:56 Ballistics
21:56 Padded Archer Armor
26:36 Imperial Age
24:41 Leather Archer Armor
26:43 Silk Armor
28:30 Wheelbarrow
29:12 Chemistry
28:01 Horse Collar
31:25 Bracer
33:37 Hand Cart
35:26 Bow Saw
34:52 Heavy Cavalry Archer
35:49 Heavy Plow
37:22 Scale Barding Armor
37:20 Town Watch
38:05 Forging
38:52 Conscription
39:44 Chain Barding Armor
40:52 Iron Casting
42:21 Plate Barding Armor
42:47 Blast Furnace
文風
9:57 Feudal Age
12:19 Wheelbarrow
11:42 Double-Bit Axe
13:17 Horse Collar
14:59 Scale Barding Armor
15:05 Forging
19:34 Castle Age
18:14 Gold Mining
18:14 Stone Mining
18:26 Fletching
18:36 Padded Archer Armor
25:50 Imperial Age
24:30 Gold Shaft Mining
24:30 Stone Shaft Mining
24:00 Heavy Plow
24:16 Bow Saw
25:15 Ballistics
28:02 Thumb Ring
33:26 Chemistry
32:31 Bodkin Arrow
33:38 Parthian Tactics
33:37 Bracer
33:52 Leather Archer Armor
34:12 Husbandry
34:23 Bloodlines
37:13 Ring Archer Armor
37:15 Conscription
38:33 Bloodlines
39:43 Hand Cart
39:14 Town Watch
39:14 Loom
40:08 Heavy Hei Guang Cavalry
41:57 Ming Guang Armor
KevuJr
1:28 Loom
10:17 Feudal Age
11:11 Double-Bit Axe
12:28 Wheelbarrow
14:45 Castle Age
12:43 Town Watch
13:57 Fletching
16:36 Bodkin Arrow
16:47 Scale Barding Armor
20:51 Ballistics
21:23 Padded Archer Armor
27:15 Town Patrol
27:40 Chain Barding Armor
33:16 Imperial Age
33:23 Leather Archer Armor
33:16 Stone Mining
33:22 Gold Mining
34:18 Bracer
36:25 Horse Collar
38:46 Conscription
38:55 Parthian Tactics
38:36 Thumb Ring
40:07 Bloodlines
41:06 Elite Mangudai
43:01 Heavy Plow
44:53 Chemistry
Zatrapa
7:00 Loom
10:45 Feudal Age
11:32 Double-Bit Axe
11:29 Horse Collar
14:43 Castle Age
15:39 Bow Saw
18:19 Scale Barding Armor
19:07 Gold Mining
20:34 Fletching
22:34 Bodkin Arrow
23:09 Ballistics
24:39 Town Watch
25:42 Wheelbarrow
27:39 Masonry
31:17 Imperial Age
29:12 Stone Mining
29:45 Husbandry
30:14 Bloodlines
30:46 Chain Barding Armor
32:47 Plate Barding Armor
32:47 Conscription
32:41 Forging
34:05 Elite Monaspa
35:04 Scale Mail Armor
36:54 Chemistry
35:16 Light Cavalry
36:53 Iron Casting
36:58 Aznauri Cavalry
38:45 Svan Towers
40:12 Blast Furnace
39:18 Bracer
39:59 Block Printing
41:29 Heavy Plow
42:05 Stone Shaft Mining
40:55 Cavalier
41:36 Padded Archer Armor
Connection lost

Rejoining the realm…

Still unreachable

The connection could not be restored.

Session expired

The server has moved on; the page needs a fresh start.